 Dungeon Crawl Stone Soup version 0.31.0-11-ge490571c62 (webtiles) character file.

Game seed: 11542336443101011780

24282 Flugkiller the Arsonist (level 13, -13/94 HPs)
             Began as a Ghoul Fire Elementalist on Jan 29, 2024.
             Was a High Priest of Vehumet.
             Mangled by Rupert
             ... wielding a +1 great mace of holy wrath
              (29 damage)
             ... on level 3 of the Lair of Beasts.
             The game lasted 00:19:14 (14530 turns).

Flugkiller the Arsonist (Ghoul Fire Elementalist)  Turns: 14530, Time: 00:19:14

Health: -13/94     AC: 19    Str: 13    XL:     13   Next: 12%
Magic:  23/24      EV:  9    Int: 24    God:    Vehumet [*****.]
Gold:   695        SH:  0    Dex: 13    Spells: 6/27 levels left

rFire   + . .        u - +6 dagger "Inute" {drain, rElec Dex+4}
rCold   + . .        (no shield)
rNeg    + + +        I - +4 scale mail {rF+}
rPois   ∞            o - +1 helmet
rElec   +            j - +0 cloak
rCorr   .            e - +1 pair of gloves
SInv    .            (no boots)
Will    .....        (no amulet)
Stlth   +            x - +4 ring of protection
HPRegen 0.00/turn    F - +6 ring of intelligence
MPRegen 0.19/turn

%: no passive effects
@: about to teleport, inhibited regen
A: claws 1, cold resistance 1, negative energy resistance 3, inhibited
regeneration, torment resistance 2, devour on kill
a: Renounce Religion


You were on level 3 of the Lair of Beasts.
You worshipped Vehumet.
Vehumet was extremely pleased with you.
You visited 2 branches of the dungeon, and saw 14 of its levels.
You also visited: Bailey.

You collected 1163 gold pieces.
You spent 468 gold pieces at shops.

Inventory:

Hand Weapons
 s - the +7 halberd of Pestilence {venom, rF- Int-3 Dex+5 Stlth+}
   (You found it in a bailey)

   Int-3:     It affects your intelligence (-3).
   Dex+5:     It affects your dexterity (+5).
   rF-:       It makes you vulnerable to fire.
   Stlth+:    It makes you more stealthy.
 u - the +6 dagger "Inute" (weapon) {drain, rElec Dex+4}
   (You found it on level 8 of the Dungeon)

   Dex+4:     It affects your dexterity (+4).
   rElec:     It insulates you from electricity.
 P - the +8 whip "Snakebite" {venom, curare, rPois}
   (You found it on level 2 of the Lair of Beasts)

   rPois:     It protects you from poison
Missiles
 a - 13 curare-tipped darts
Armour
 e - a +1 pair of gloves (worn)
   (You found it on level 1 of the Dungeon)
 j - a +0 cloak (worn)
   (You found it on level 2 of the Dungeon)
 m - a +3 leather armour
   (You found it on level 2 of the Dungeon)
 o - a +1 helmet (worn)
   (You took it off Robin on level 4 of the Dungeon)
 v - a +2 robe of fire resistance
   (You took it off a wight on level 8 of the Dungeon)
 I - a +4 scale mail of fire resistance (worn)
   (You found it in a bailey)
 K - the +3 ring mail "Ywkew" {rElec SInv}
   (You found it on level 1 of the Lair of Beasts)

   rElec:     It insulates you from electricity.
   SInv:      It lets you see invisible.
 N - the +1 leather armour "Kasoem" {Fly rPois rC+ MP+9 Slay-4}
   (You found it on level 2 of the Lair of Beasts)

   Slay-4:    It affects your accuracy & damage with ranged weapons and melee
   (-4).
   rC+:       It protects you from cold.
   rPois:     It protects you from poison MP+9: It affects your magic capacity
   (+9).
   Fly:       It grants you flight.
Jewellery
 f - a ring of protection from fire
   (You found it on level 3 of the Dungeon)
 i - a ring of see invisible
   (You found it on level 2 of the Dungeon)
 p - a +4 ring of protection
   (You found it on level 1 of the Dungeon)
 x - a +4 ring of protection (left hand)
   (You found it on level 5 of the Dungeon)
 z - a ring of flight
   (You took it off Erica on level 8 of the Dungeon)
 F - a +6 ring of intelligence (right hand)
   (You bought it in a shop on level 6 of the Dungeon)
Wands
 b - a wand of mindburst (19)
   (You found it on level 3 of the Dungeon)
 k - a wand of polymorph (3)
   (You found it on level 11 of the Dungeon)
 l - a wand of charming (4)
   (You found it on level 11 of the Dungeon)
 E - a wand of flame (27)
   (You found it on level 8 of the Dungeon)
 H - a wand of iceblast (11)
   (You found it on level 9 of the Dungeon)
 L - a wand of acid (8)
   (You found it on level 1 of the Lair of Beasts)
Scrolls
 c - 3 scrolls of enchant weapon
 g - 2 scrolls of fear
 h - a scroll of silence
 r - 2 scrolls of identify
 t - 5 scrolls of teleportation
 A - a scroll of fog
 B - 3 scrolls of vulnerability
 M - 2 scrolls of amnesia
Potions
 d - 2 potions of might
 n - a potion of resistance
 q - 2 potions of curing
 y - 3 potions of brilliance
 C - a potion of attraction {unknown}
 D - a potion of enlightenment {unknown}
 G - a potion of invisibility {unknown}
 J - a potion of ambrosia {unknown}
 O - a potion of cancellation {unknown}
 Q - a potion of haste {unknown}


   Skills:
 - Level 3.0 Fighting
 - Level 1.7 Dodging
 - Level 2.1 Stealth
 + Level 7.8 Spellcasting
 - Level 10.0 Conjurations
 + Level 11.1 Fire Magic
 + Level 4.7 Air Magic
 - Level 6.0 Alchemy
 - Level 3.0 Evocations


You had 6 spell levels left.
You knew the following spells:

 Your Spells              Type           Power      Damage    Failure   Level
a - Foxfire               Conj/Fire      100%       2x1d9     1%          1
b - Scorch                Fire           100%       2d9       1%          2
c - Inner Flame           Hex/Fire       36%        N/A       2%          3
d - Flame Wave            Conj/Fire      56%        2d13      1%          4
e - Plasma Beam           Fire/Air       23%        2x1d35    43%         6
i - Irradiate             Conj/Alch      23%        3d19      10%         5

Your spell library contained the following spells:

 Spells                   Type           Power      Damage    Failure   Level
 Mercury Vapours          Alch/Air       70%        N/A       1%          2
 Mephitic Cloud           Conj/Alch/Air  42%        N/A       1%          3
 Volatile Blastmotes      Fire/Tloc      72%        2d16      2%          3
 Ignite Poison            Fire/Alch      50%        N/A       2%          4
 Cigotuvi's Dreadful Rot  Necr/Alch/Air  52%        N/A       12%         2
 Freezing Cloud           Conj/Ice/Air   16%        6-21      30%         5
 Summon Small Mammal      Summ           36%        N/A       32%         1
 Summon Blazeheart Golem  Fire/Summ      36%        N/A       32%         4
 Call Canine Familiar     Summ           9%         N/A       69%         3
 Animate Dead             Necr           9%         N/A       97%         4
 Borgnjor's Vile Clutch   Necr/Erth      4%         N/A       100%        5
 Death Channel            Necr           4%         N/A       100%        6


Dungeon Overview and Level Annotations

Branches:
Dungeon (11/15) Zot: 26224  Temple (0/1) D:5            Lair (3/5) D:11 Zot: 15085
    Orc (0/2) D:9          Bailey (visited)
  Swamp: Lair:2-3    Shoals: Lair:2-3     Snake: Lair:2-3    Spider: Lair:2-3

Altars:
Cheibriados
Okawaru
Qazlal
Vehumet

Shops:
D:6 =   D:11 *

Annotations:
D:7 1 runed translucent door, Crazy Yiuf
Lair:3 Rupert


Innate Abilities, Weirdness & Mutations

You are immune to poison.
You have sharp fingernails.
Your flesh is cold resistant. (rC+)
You are immune to negative energy. (rN+++)
You do not regenerate when monsters are visible.
You are immune to unholy pain and torment.
You thrive by killing the living.


Message History

The eight-headed hydra bites you.
The eight-headed hydra bites you but does no damage. x2
The eight-headed hydra bites you. x2
The eight-headed hydra bites you but does no damage.
The skyshark closely misses you.
The skyshark tail-slaps you but does no damage.
The skyshark closely misses you.
Casting: Irradiate (dangerous; 10% risk of failure)
Confirm with . or Enter, or press ? or * to list all spells.
You don't have enough magic to cast this spell.
Unknown command.
Unknown command.
Aiming: Iceblast
Press: ? - help, Shift-Dir - straight line The mass of ice explodes!
The iceblast engulfs the eight-headed hydra!
You kill the eight-headed hydra!
Vehumet accepts your kill.
You feel better.
You feel your power returning. The water moccasin barely misses you.
The skyshark closely misses you.
The skyshark tail-slaps you but does no damage. x2
Aiming: Iceblast
Press: ? - help, Shift-Dir - straight line The mass of ice explodes!
The iceblast engulfs the skyshark!
You kill the skyshark!
Vehumet accepts your kill.
You feel your power returning. The water moccasin barely misses you.
The water moccasin closely misses you. The water moccasin barely misses you.
You climb upwards.
There is a stone staircase leading down here.
A water moccasin is nearby!
A water moccasin is nearby!
You hit the water moccasin.
The water moccasin is almost dead.
The water moccasin bites you.
The water moccasin bites you but does no damage.
You are too injured to fight recklessly!
You barely miss the water moccasin.
The water moccasin is almost dead.
The water moccasin bites you.
You are too injured to fight recklessly!
You miss the water moccasin.
The water moccasin is almost dead.
The water moccasin bites you but does no damage.
You hit the water moccasin.
The water moccasin is almost dead.
The water moccasin bites you. x2
You hit the water moccasin.
You kill the water moccasin!
Vehumet accepts your kill.
You feel your power returning.
You see here a water moccasin corpse.
You start resting.
Your magical contamination has completely faded away.
You start resting.
Magic restored.
You start resting.
HP restored.
There is a stone staircase leading down here.
You climb downwards.
Rupert shouts!
The komodo dragon bites you.
Rupert roars madly and goes into a rage!
Rupert goes berserk!
There is a stone staircase leading up here.
Casting: Irradiate (dangerous; 10% risk of failure)
Confirm with . or Enter, or press ? or * to list all spells.
Flames lash the komodo dragon but do no damage.
Rupert barely misses you. The komodo dragon bites you!
Rupert hits you with a +1 great mace of holy wrath!!
You convulse!
Unknown command.
Unknown command.
Okay, then.
Unknown command.
Unknown command.
As you read the scroll of teleportation, it crumbles to dust.
You feel strangely unstable.
The komodo dragon bites you but does no damage.
Rupert hits you with a +1 great mace of holy wrath!!
* * * LOW HITPOINT WARNING * * *
You convulse!
* * * LOW HITPOINT WARNING * * *
Unknown command.
The komodo dragon bites you but does no damage.
You see here a komodo dragon corpse.
Your surroundings seem slightly different.
Rupert rages.
Unknown command.
As you read the scroll of teleportation, it crumbles to dust.
You feel strangely unstable.
You feel much better. Rupert hits you but does no damage.
Rupert barely misses you.
You feel much better.
Rupert hits you with a +1 great mace of holy wrath!!
* * * LOW HITPOINT WARNING * * *
You convulse!!
You die...
Rupert roars with triumph.

..... ###.### .....
......# ......
......# .....
.......#
..##P..##P..#..#
#...............#
.................##
..........@.......#
..........@.......#
..........l........
...................
.......†..†#.##.#..
.......†<...## .#
...........## #
.............#
................


You could see Rupert (berserk) and a komodo dragon.

Vanquished Creatures
  4 hydras
  Erica (D:8)
  A catoblepas (Lair:1)
  A tengu warrior (D:11)
  Sonja (Lair:1)
  A skyshark (Lair:3)
  An orc knight (Bailey)
  A cyclops (D:11)
  An elephant (D:11)
  2 black mambas
  Joseph (D:8)
  3 cane toads
  Maggie (Lair:1)
  7 komodo dragons
  A hornet (D:8)
  A troll (D:11)
  Prince Ribbit (D:5)
  3 blink frogs (Lair:1)
  Sigmund (D:4)
  3 shadows
  23 yaks
  A wraith (D:10)
  A wyvern (Lair:1)
  3 basilisks (Lair:1)
  9 water moccasins
  9 orc warriors
  2 acid dragons
  7 black bears
  2 ice beasts
  2 sky beasts
  21 wolves
  2 centaurs
  2 phantoms (D:5)
  Blork the orc (D:4)
  9 kobold brigands
  8 bullfrogs
  A scorpion (D:11)
  14 wights
  3 killer bees (D:10)
  An electric eel (Lair:2)
  3 howler monkeys
  2 jellies
  3 hounds
  5 orc priests
  Natasha (thrice) (D:3)
  2 iguanas
  8 orc wizards
  5 hell rats (Lair:2)
  Robin (D:4)
  7 gnolls
  8 adders
  A shadow imp (D:7)
  2 white imps
  2 ufetubi (D:5)
  4 dart slugs
  A ribbon worm (D:2)
  49 orcs
  9 ball pythons
  5 bats
  13 endoplasms
  4 giant cockroaches (D:1)
  12 hobgoblins
  6 jackals
  2 quokkas
  3 frilled lizards
  12 goblins
  24 kobolds
  6 rats
359 creatures vanquished.

Vanquished Creatures (others)
  A sleepcap (D:7)
  An orc (D:7)
  345 foxfires
347 creatures vanquished.

Grand Total: 706 creatures vanquished

Notes
Turn   | Place    | Note
-------+----------+-------------------------------------------
     0 | D:1      | Flugkiller the Ghoul Fire Elementalist began the quest for
                  | the Orb.
     0 | D:1      | Reached XP level 1. HP: 14/14 MP: 3/3
   202 | D:1      | Reached skill level 1 in Conjurations
   207 | D:1      | Reached XP level 2. HP: 16/20 MP: 1/4
   293 | D:1      | HP: 1/20 [giant cockroach (2)]
   427 | D:1      | Reached XP level 3. HP: 26/26 MP: 0/6
   443 | D:1      | Reached skill level 3 in Fire Magic
  1164 | D:2      | HP: 1/26 [adder (1)]
  1168 | D:2      | Reached XP level 4. HP: 2/33 MP: 3/7
  1433 | D:2      | Learned a level 2 spell: Scorch
  1548 | D:2      | You fall into a shaft and drop 2 floors!
  1548 | D:4      | Found a radiant altar of Vehumet.
  1552 | D:4      | Became a worshipper of Vehumet
  1556 | D:4      | Found an iron altar of Okawaru.
  1562 | D:4      | Found a snail-covered altar of Cheibriados.
  1615 | D:4      | Noticed Robin
  1646 | D:4      | Killed Robin
  1773 | D:4      | Reached XP level 5. HP: 36/38 MP: 1/8
  1918 | D:4      | Noticed Blork the orc
  1927 | D:4      | Killed Blork the orc
  1928 | D:4      | Reached skill level 4 in Fire Magic
  1928 | D:4      | Reached XP level 6. HP: 42/45 MP: 0/10
  2610 | D:3      | Reached * piety under Vehumet
  2610 | D:3      | Offered knowledge of Sandblast by Vehumet.
  2717 | D:3      | Learned a level 3 spell: Inner Flame
  2761 | D:4      | Noticed Sigmund
  2764 | D:4      | Killed Sigmund
  2764 | D:4      | Noticed Natasha
  2765 | D:4      | Reached XP level 7. HP: 50/50 MP: 4/12
  2771 | D:3      | Killed Natasha
  2993 | D:3      | Noticed Natasha
  3000 | D:3      | Killed Natasha
  3001 | D:3      | Reached skill level 5 in Fire Magic
  3187 | D:3      | Noticed Natasha
  3191 | D:3      | Killed Natasha
  4013 | D:5      | Entered Level 5 of the Dungeon
  4371 | D:5      | Noticed Prince Ribbit
  4390 | D:5      | Killed Prince Ribbit
  4391 | D:5      | Reached XP level 8. HP: 57/57 MP: 1/14
  4427 | D:5      | Reached skill level 6 in Fire Magic
  4574 | D:5      | Found a staircase to the Ecumenical Temple.
  4757 | D:5      | Reached ** piety under Vehumet
  4757 | D:5      | Offered knowledge of Momentum Strike by Vehumet.
  4959 | D:5      | Found a stormy altar of Qazlal.
  5276 | D:6      | Found Miqy's Jewellery Shop.
  5673 | D:6      | Reached skill level 7 in Fire Magic
  5681 | D:6      | Reached XP level 9. HP: 62/62 MP: 10/16
  6070 | D:6      | Reached skill level 5 in Spellcasting
  6728 | D:7      | Reached skill level 1 in Evocations
  7081 | D:7      | Found a runed translucent door.
  7082 | D:7      | Noticed Crazy Yiuf
  8019 | D:8      | Learned a level 4 spell: Flame Wave
  8046 | D:8      | Offered knowledge of Dazzling Flash by Vehumet.
  8135 | D:8      | Found a flagged portal.
  8191 | Bailey   | Entered a bailey
  8221 | Bailey   | Reached *** piety under Vehumet
  8323 | Bailey   | Noticed an orc knight
  8324 | Bailey   | Found an iron altar of Okawaru.
  8333 | Bailey   | Reached skill level 5 in Conjurations
  8343 | Bailey   | HP: 3/67 [orc knight/+0 war axe (14)]
  8346 | Bailey   | Killed an orc knight
  8347 | Bailey   | Reached skill level 8 in Fire Magic
  8347 | Bailey   | Reached XP level 10. HP: 4/77 MP: 2/19
  8459 | Bailey   | Identified the +7 halberd of Pestilence {venom, rF- Int-3
                  | Dex+5 Stlth+}
  8639 | D:8      | Identified the +6 dagger "Inute" {drain, rElec Dex+4}
  8715 | D:8      | Offered knowledge of Frozen Ramparts by Vehumet.
  8905 | D:8      | Noticed Erica
  8915 | D:8      | Killed Erica
  9121 | D:8      | Noticed Joseph
  9136 | D:8      | Killed Joseph
  9173 | D:8      | Reached skill level 9 in Fire Magic
  9594 | D:6      | Bought a +6 ring of intelligence for 468 gold pieces
  9977 | D:9      | Reached XP level 11. HP: 63/82 MP: 17/20
 10023 | D:9      | Reached **** piety under Vehumet
 10097 | D:9      | Found a staircase to the Orcish Mines.
 10100 | D:9      | Offered knowledge of Irradiate by Vehumet.
 10119 | D:9      | Learned a level 5 spell: Irradiate
 10320 | D:10     | Entered Level 10 of the Dungeon
 10352 | D:10     | Reached skill level 1 in Alchemy
 10354 | D:10     | Reached skill level 10 in Fire Magic
 10897 | D:11     | Found Zuedaif's Gadget Gallery.
 10965 | D:11     | Reached ***** piety under Vehumet
 10975 | D:11     | Noticed a tengu warrior
 10984 | D:11     | Killed a tengu warrior
 11032 | D:11     | Offered knowledge of Plasma Beam by Vehumet.
 11042 | D:11     | Noticed a cyclops
 11240 | D:10     | Learned a level 6 spell: Plasma Beam
 11254 | D:11     | Killed a cyclops
 11441 | D:11     | Found a staircase to the Lair.
 11641 | Lair:1   | Entered Level 1 of the Lair of Beasts
 11663 | Lair:1   | Noticed Sonja
 11666 | Lair:1   | Killed Sonja
 11701 | Lair:1   | Reached skill level 5 in Alchemy
 11703 | Lair:1   | Reached XP level 12. HP: 73/89 MP: 7/21
 11839 | Lair:1   | Identified the +3 ring mail "Ywkew" {rElec SInv}
 11882 | Lair:1   | Reached skill level 10 in Conjurations
 11908 | Lair:1   | Noticed a catoblepas
 11920 | Lair:1   | Killed a catoblepas
 11921 | Lair:1   | Reached skill level 1 in Air Magic
 12387 | Lair:1   | Noticed Maggie
 12393 | Lair:1   | Killed Maggie
 12985 | Lair:2   | Noticed an eight-headed hydra
 12985 | Lair:2   | Noticed a seven-headed hydra
 13013 | Lair:2   | Noticed a seven-headed hydra
 13150 | Lair:2   | Identified the +1 leather armour "Kasoem" {Fly rPois rC+
                  | MP+9 Slay-4}
 13214 | Lair:2   | Killed an eight-headed hydra
 13221 | Lair:2   | Killed a seven-headed hydra
 13386 | Lair:2   | Killed a seven-headed hydra
 13705 | Lair:2   | Found the +8 whip "Snakebite" {venom, curare, rPois}
 13816 | Lair:2   | Found an iron altar of Okawaru.
 13903 | Lair:2   | Reached XP level 13. HP: 85/94 MP: 16/24
 14365 | Lair:3   | Reached skill level 11 in Fire Magic
 14522 | Lair:3   | Noticed Rupert
 14524 | Lair:3   | HP: 3/94 [Rupert/+1 great mace of holy wrath (13)]
 14530 | Lair:3   | Mangled by Rupert

Illustrated notes

Levels and vault maps discovered:
D:1:      kennysheep_arrival_seaside, layout_rooms
D:2:      layout_rooms, item_on_display_a
D:3:      layout_loops_ring
D:4:      layout_basic, minmay_overflow_temple_star_quad, uniq_natasha,
          uniq_sigmund, uniq_blork_the_orc, uniq_robin
D:5:      layout_loops_corners, mainiacjoe_overflow_chevrons,
          minmay_temple_entry_wispy, serial_bayou_pond_e, uniq_prince_ribbit1
D:6:      layout_loops_ring, serial_shops, nicolae_shop_statue_plus
D:7:      layout_loops_corners, lemuel_flame_loot_1, uniq_crazy_yiuf_cottage
D:8:      layout_basic, enter_bailey_8, uniq_erica, uniq_joseph
D:9:      layout_basic, david_orc_5
D:10:     layout_loops_ring
D:11:     layout_cave_pools, grunt_lair_entry_orc_guard_hut,
          nicolae_shop_gadgets
Lair:1:   layout_small_grid, minmay_holes, minivault_19, grunt_megastairs_5,
          serial_bayou_shore_b, uniq_maggie, uniq_sonja
Lair:2:   minmay_guarded_unrand_snakebite, layout_regular_city, basic_altar,
          infiniplex_staircase_pool, serial_bayou_shore_a
Lair:3:   hangedman_what_comes_after_a, layout_long_grid,
          minmay_shoals_entry_hut, minmay_snake_entry_guardpost_medium,
          basic_altar, minivault_23, st_stairs_10, uniq_rupert

Skill      XL: |  1  2  3  4  5  6  7  8  9 10 11 12 13 |
---------------+----------------------------------------+-----
Conjurations   | 1 2 3 4 6 7 9 10 | 10.0
Spellcasting   | 2 3 4 6 7 |  7.8
Fire Magic     | 3 4 5 7 8 9 10 11 | 11.1
Evocations     | 3 |  3.0
Fighting       | 3 |  3.0
Alchemy        | 5 6 |  6.0
Air Magic      | 4 |  4.7
Dodging        | |  1.7
Stealth        | |  2.1

Action                     |  1- 3 |  4- 6 |  7- 9 | 10-12 | 13-15 || total
---------------------------+-------+-------+-------+-------+-------++-------
  Melee: Unarmed           |    48 |       |       |       |       ||    48
         Short sword       |    29 |   104 |   195 |    15 |       ||   343
         Punch             |       |       |     2 |     3 |       ||     5
         Dagger            |       |       |       |    88 |     5 ||    93
         Halberd           |       |       |       |     2 |       ||     2
   Cast: Foxfire           |    52 |    34 |   102 |    11 |       ||   199
         Scorch            |       |    36 |    94 |    16 |     3 ||   149
         Flame Wave        |       |       |     8 |    94 |     3 ||   105
         Inner Flame       |       |       |       |     4 |       ||     4
         Irradiate         |       |       |       |     4 |     1 ||     5
  Evoke: Wand              |       |       |     6 |       |     2 ||     8
    Use: Potion            |     1 |     4 |       |     1 |     2 ||     8
         Scroll            |       |     6 |    11 |     4 |     2 ||    23
 Armour: Robe              |    71 |     7 |       |       |       ||    78
         Leather armour    |       |   100 |   249 |    25 |       ||   374
         Scale mail        |       |       |       |   379 |    57 ||   436
  Dodge: Dodged            |   115 |   103 |   169 |   168 |    17 ||   572
